 Dungeon Crawl Stone Soup version 0.28-a0-1184-g53156a8862 (console) character file.

Game seed: 6839008467133442615

2786 jejorda2 the Cleaver (level 9, -5/109 HPs)
             Began as a Palentonga Berserker on Dec 17, 2021.
             Was a Priest of Trog.
             Slain by a cyan ugly thing (10 damage)
             ... on level 7 of the Dungeon.
             The game lasted 00:17:43 (6608 turns).

jejorda2 the Cleaver (Palentonga Berserker)         Turns: 6608, Time: 00:17:44

Health: -5/109     AC: 14    Str: 25    XL:     9   Next: 43%
Magic:  9/9        EV:  9    Int:  8    God:    Trog [***...]
Gold:   334        SH:  0    Dex:  9    Spells: 8/8 levels left

rFire   . . .      SeeInvis +   a - +0 war axe
rCold   . . .      Faith    +   (no shield)
rNeg    . . .      Spirit   .   i - +1 ring mail
rPois   .          Reflect  .   (no helmet)
rElec   .          Harm     .   (no cloak)
rCorr   .          Rampage  .   (no gloves)
Will    .....                   (no barding)
Stlth   ..........              q - amulet of faith
HPRegen 0.28/turn               (no ring)
MPRegen 0.11/turn               (no ring)

@: berserking, curled up, very quick
A: large, rugged brown scales 3, see invisible, deformed body, roll 1, armoured
tail, reflexive curl
a: Rolling Charge, Renounce Religion, Berserk, Trog's Hand


You were on level 7 of the Dungeon.
You worshipped Trog.
Trog was most pleased with you.
You visited 1 branch of the dungeon, and saw 7 of its levels.

You collected 334 gold pieces.

Inventory:

Hand Weapons
 a - a +0 war axe (weapon)
 j - a +3 flail
Missiles
 b - 3 boomerangs
 c - a throwing net
 d - 36 poisoned darts
 e - 174 stones
Armour
 i - a +1 ring mail (worn)
Jewellery
 q - an amulet of faith (around neck)
Wands
 m - a wand of flame (50)
 u - a wand of paralysis (10)
Scrolls
 g - a scroll of teleportation
 k - a scroll of brand weapon {unknown}
 y - 3 scrolls of holy word
Potions
 f - a potion of lignification {unknown}
 n - 2 potions of curing
 r - a potion of berserk rage {unknown}
 s - a potion of attraction
 v - a potion of might
 w - a potion of resistance


   Skills:
 - Level 6.0 Fighting
 * Level 10.2 Axes
 - Level 6.0 Armour
 - Level 1.5 Dodging


You had 8 spell levels left.
You didn't know any spells.
Your spell library was empty.

Dungeon Overview and Level Annotations

Branches:
Dungeon (7/15)             Temple (0/1) D:7

Altars:
Elyvilon
Hepliaklqana
Kikubaaqudgha
Sif Muna
Yredelemnul
Zin
The Shining One

Annotations:
D:3 3 runed translucent doors, exclusions: door and orc wizard, Yajnam's ghost, amateur HOFi


Innate Abilities, Weirdness & Mutations

You are completely covered in rugged brown scales. (AC +3, +7% HP)
You have supernaturally acute eyesight. (SInv)
Armour fits poorly on your strangely shaped body.
You can roll at nearby foes to attack.
You have a long armoured tail.
You curl defensively after being hit. (AC +7*)


Message History

The cyan ugly thing is poisoned.
The cyan ugly thing convulses.
The cyan ugly thing seems to slow down.
The cyan ugly thing is lightly wounded.
You roll forward with a clatter of scales!
An orc and an orc wizard come into view.
Found a club.
Found a stone staircase leading up.
The orc wizard shouts!
You hit the cyan ugly thing.
The cyan ugly thing is lightly wounded.
You hear a shout!
The cyan ugly thing bites you! The cyan ugly thing shocks you!
An orc comes into view. It is wielding a +0 mace.
A red film seems to cover your vision as you go berserk!
You feel yourself moving faster!
You feel mighty!
You hit the cyan ugly thing.
The cyan ugly thing is moderately wounded.
The cyan ugly thing bites you. The cyan ugly thing shocks you!
You slash the cyan ugly thing!
The cyan ugly thing is heavily wounded.
You closely miss the cyan ugly thing.
Your tail-slap misses the cyan ugly thing.
The cyan ugly thing is heavily wounded.
The cyan ugly thing bites you! The cyan ugly thing shocks you!
* * * LOW HITPOINT WARNING * * *
You hit the cyan ugly thing.
The cyan ugly thing is heavily wounded.
The orc wizard mumbles some strange words.
The orc wizard flickers and vanishes for a moment.
You slash the cyan ugly thing!
The cyan ugly thing is severely wounded.
The cyan ugly thing bites you!
* * * LOW HITPOINT WARNING * * *
The cyan ugly thing shocks you!
* * * LOW HITPOINT WARNING * * *
You barely miss the cyan ugly thing.
The cyan ugly thing is severely wounded.
You hit the cyan ugly thing.
The cyan ugly thing is severely wounded.
The cyan ugly thing bites you!
You die...

### ..## #.# ...### #.#
.....#### #.##
........####...# ##.
..........##.#.### ....
≈.......#..#.#...##(..#.
≈≈≈..............uoo...)
≈≈≈≈≈..##....###@#
≈≈≈≈≈≈...........#
≈≈≈≈≈≈.##.##.!...#
≈≈≈≈≈≈.##.##.#.......
≈≈≈≈≈≈....##...##....
≈≈≈≈≈....#####.. ....
≈≈≈.....# ..##.<..
≈.......# ..>. ...
)........ .#


You could see a cyan ugly thing (poisoned, slow) and 2 orcs.

Vanquished Creatures
  Sigmund (D:2)
  Edmund (D:6)
  A water moccasin (D:4)
  Duvessa (D:6)
  An ice beast (D:7)
  A sky beast (D:6)
  An ogre (D:6)
  2 centaurs (D:6)
  5 necrophages (D:6)
  2 phantoms (D:6)
  2 kobold brigands
  A bullfrog (D:5)
  A scorpion (D:5)
  2 water moccasin zombies (D:6)
  Dowan (D:6)
  A water moccasin skeleton (D:5)
  3 killer bees (D:7)
  A centaur zombie (D:6)
  A human zombie (D:6)
  3 hounds
  A jelly (D:3)
  A bullfrog skeleton (D:4)
  An iguana (D:4)
  4 orc wizards
  A scorpion zombie (D:3)
  Terence (D:3)
  2 killer bee zombies (D:6)
  3 hound skeletons
  3 mummies (D:6)
  A howler monkey skeleton (D:6)
  6 gnolls
  10 adders
  2 white imps
  An adder zombie (D:5)
  4 dart slugs
  4 orcs
  5 endoplasms
  6 giant cockroaches
  7 goblins
  A hobgoblin (D:1)
  2 jackals (D:4)
  15 kobolds
  3 quokkas
  6 ball pythons
  A ball python zombie (D:3)
  3 bats
  A frilled lizard (D:1)
  3 rats
130 creatures vanquished.

Vanquished Creatures (others)
  3 plants (D:5)
3 creatures vanquished.

Grand Total: 133 creatures vanquished

Notes
Turn   | Place    | Note
-------+----------+-------------------------------------------
     0 | D:1      | jejorda2 the Palentonga Berserker began the quest for the
                  | Orb.
     0 | D:1      | Reached XP level 1. HP: 19/19 MP: 1/1
   157 | D:1      | Reached XP level 2. HP: 25/25 MP: 2/2
   586 | D:2      | Reached XP level 3. HP: 31/31 MP: 3/3
   679 | D:2      | Noticed Sigmund
   688 | D:2      | Killed Sigmund
   689 | D:2      | Reached skill level 4 in Axes
   689 | D:2      | Reached XP level 4. HP: 39/39 MP: 4/4
   689 | D:2      | Reached XP level 5. HP: 44/44 MP: 5/5
   770 | D:2      | Found a shimmering blue altar of Sif Muna.
   989 | D:3      | Reached ** piety under Trog
  1072 | D:3      | Found a glowing silver altar of Zin.
  1092 | D:3      | Reached skill level 5 in Axes
  1103 | D:3      | Noticed Terence
  1121 | D:3      | Killed Terence
  1410 | D:3      | Reached XP level 6. HP: 51/51 MP: 6/6
  1521 | D:3      | Found a runed translucent gate.
  1521 | D:3      | Found a runed translucent gate.
  1521 | D:3      | Found a runed translucent gate.
  1521 | D:3      | Noticed Yajnam's ghost (amateur HOFi)
  1523 | D:3      | Found a basalt altar of Yredelemnul.
  1577 | D:3      | Found a glowing golden altar of the Shining One.
  1585 | D:3      | Found a hazy altar of Hepliaklqana.
  1777 | D:3      | Found a white marble altar of Elyvilon.
  1831 | D:3      | Found a shimmering blue altar of Sif Muna.
  2362 | D:4      | Noticed a water moccasin
  2366 | D:4      | Killed a water moccasin
  2367 | D:4      | Reached skill level 6 in Axes
  2510 | D:4      | Gained mutation: You curl defensively after being hit. (AC
                  | +7*) [Palentonga growth]
  2510 | D:4      | Reached XP level 7. HP: 58/58 MP: 7/7
  2962 | D:5      | Entered Level 5 of the Dungeon
  3251 | D:5      | Reached skill level 5 in Fighting
  3531 | D:5      | Reached *** piety under Trog
  4154 | D:6      | Reached skill level 7 in Axes
  4452 | D:6      | Reached XP level 8. HP: 37/67 MP: 8/8
  4997 | D:6      | Noticed Dowan
  4998 | D:6      | Noticed Duvessa
  5008 | D:6      | Killed Duvessa
  5009 | D:6      | Reached skill level 8 in Axes
  5012 | D:6      | Killed Dowan
  5438 | D:6      | Reached skill level 5 in Armour
  5511 | D:6      | Noticed Edmund
  5523 | D:6      | Killed Edmund
  5607 | D:6      | Found an ancient bone altar of Kikubaaqudgha.
  5617 | D:6      | Reached skill level 9 in Axes
  5693 | D:6      | Reached XP level 9. HP: 56/73 MP: 9/9
  6330 | D:7      | Found a staircase to the Ecumenical Temple.
  6346 | D:7      | Reached skill level 10 in Axes
  6597 | D:7      | Noticed a cyan ugly thing
  6606 | D:7      | HP: 4/109 [cyan ugly thing (14)]
  6608 | D:7      | Slain by a cyan ugly thing

Illustrated notes

Levels and vault maps discovered:
D:1:      giann_bridges, layout_rooms
D:2:      layout_rooms, basic_altar, st_stairs_4, serial_bayou_crossing,
          uniq_sigmund
D:3:      layout_rooms, general_overflow_altar, led_sif_book, zin_statuary,
          nicolae_yredelemnul_ghost_church, mainiacjoe_overflow_big_doors,
          uniq_terence
D:4:      layout_basic
D:5:      layout_loops_ring, serial_bayou_pond_a
D:6:      layout_loops_corners, lemuel_mausoleum_altar_kikubaaqudgha,
          roderic_roman_lattice, chequers_serial_rivers_small_b, uniq_duvessa,
          uniq_edmund
D:7:      layout_rooms, temple_pool_b

Skill      XL: |  1  2  3  4  5  6  7  8  9 |
---------------+----------------------------+-----
Armour         | 2 3 4 5 6 |  6.0
Fighting       | 4 5 6 |  6.0
Axes           | 4 5 6 7 9 10 | 10.2
Dodging        | |  1.5

Action                   |  1- 3 |  4- 6 |  7- 9 || total
-------------------------+-------+-------+-------++-------
Melee: Hand axe          |    43 |       |       ||    43
       Tailslap          |     9 |    11 |    43 ||    63
       War axe           |     9 |   117 |   241 ||   367
Throw: Dart              |       |    11 |    10 ||    21
       Stone             |       |     2 |       ||     2
Invok: Berserk           |     2 |     4 |     8 ||    14
       Trog's Hand       |       |     1 |     3 ||     4
 Abil: Rolling Charge    |    17 |    22 |    24 ||    63
  Use: Potion            |       |     2 |       ||     2
       Scroll            |       |       |    14 ||    14
 Stab: Sleeping          |       |       |     1 ||     1
Armor: Animal skin       |    18 |       |       ||    18
       Ring mail         |     2 |    45 |   102 ||   149
Dodge: Dodged            |    11 |    59 |    91 ||   161

Table legend: (Time is in decaauts)
 A = Elapsed time spent in this place.
 B = Non-inter-level travel time spent in this place.
 C = Inter-level travel time spent in this place.
 D = Time resting spent in this place.
 E = Time spent auto-exploring this place.
 F = Levels seen in this place.
 G = Mean time per level.
                   A        B        C        D        E       F      G
               +--------+--------+--------+--------+--------+-----+--------+
         Total |   6809 |   6450 |    359 |    747 |   4791 |   7 |  972.7 |
       Dungeon |   6809 |   6450 |    359 |    747 |   4791 |   7 |  972.7 |
               +--------+--------+--------+--------+--------+-----+--------+

Top non-repeatable levels by time:
     D:6: 2159 daAuts
     D:4: 1120 daAuts
     D:5: 1043 daAuts
     D:3: 999 daAuts
     D:1: 580 daAuts
     D:2: 464 daAuts
     D:7: 441 daAuts
